[Event "Titled Tuesday Blitz May 10 Late 2022"]
[White "Burke, Paul"]
[Black "Prieto Aranguren, Alain"]
[WhiteFideId "2605767"]
[BlackFideId "2268906"]
[WhiteElo "1893"]
[BlackElo "2235"]
[Result "0-1"]
[Round "08"]
[TimeControl "180+1"]
[Date "2022.05.11"]
[WhiteClock "0:00:01"]
[BlackClock "0:01:45"]

1. e4 c6 2. d4 d5 3. Nc3 a6 4. f3 Qb6 5. Rb1 dxe4 6. fxe4 e5 7. Nf3 exd4 8. Nxd4 Bc5 9. Na4 Qa5+ 10. c3 Bd6 11. b4 Qc7 12. Bd3 Bxh2 13. Qf3 Qg3+ 14. Qxg3 Bxg3+ 15. Kd1 Nf6 16. Kc2 Nbd7 17. Nf3 Ne5 18. Nxe5 Bxe5 19. Nb6 Rb8 20. a4 Be6 21. a5 O-O 22. Ba3 Rfd8 23. Rbe1 Ng4 24. Re2 Bf6 25. Rf1 Ne5 26. Re3 Bg5 27. Rg3 Bh4 0-1


[Site "https://www.chess.com"]

[Event "Titled Tuesday Blitz May 10 Late 2022"]
[White "Can, Melih Kaan"]
[Black "Jacobson, Aaron"]
[WhiteFideId "6317383"]
[BlackFideId "2089912"]
[WhiteElo "2049"]
[BlackElo "2265"]
[Result "1-0"]
[Round "08"]
[TimeControl "180+1"]
[Date "2022.05.11"]
[WhiteClock "0:00:01"]
[BlackClock "0:00:04"]

1. d4 Nf6 2. c4 g6 3. Nc3 d5 4. e3 Bg7 5. Nf3 O-O 6. Be2 dxc4 7. Bxc4 a6 8. a4 Nbd7 9. O-O c5 10. b3 b6 11. d5 Ne4 12. Nxe4 Bxa1 13. Qc2 Ne5 14. Nxe5 Bxe5 15. f4 Bg7 16. Ng3 Bd7 17. e4 b5 18. Be2 Bd4+ 19. Kh1 e6 20. d6 e5 21. fxe5 Bxe5 22. Qxc5 Re8 23. Bf4 Bxf4 24. Rxf4 bxa4 25. bxa4 Rb8 26. h3 Bxa4 27. e5 Qg5 28. Qf2 Qxe5 29. Rxa4 Qxd6 30. Rxa6 Qe7 31. Ra7 Rb7 32. Rxb7 Qxb7 33. Bc4 Qc7 34. Qa2 1-0


[Site "https://www.chess.com"]

[Event "Titled Tuesday Blitz May 10 Late 2022"]
[White "Carrasco Miranda, Andres"]
[Black "Ricaurte Lopez, Juan Carlos"]
[WhiteFideId "3405990"]
[BlackFideId "3600327"]
[WhiteElo "2177"]
[BlackElo "2209"]
[Result "1-0"]
[Round "08"]
[TimeControl "180+1"]
[Date "2022.05.11"]
[WhiteClock "0:01:52"]
[BlackClock "0:00:01"]

1. d4 Nf6 2. c4 e6 3. g3 d5 4. Bg2 c5 5. Nf3 Nc6 6. O-O Be7 7. cxd5 exd5 8. Nc3 O-O 9. dxc5 Bxc5 10. Na4 Be7 11. Be3 Ne4 12. Nd4 Bf6 13. Rc1 Qa5 14. a3 Ne5 15. b4 Qd8 16. Nc5 Ng4 17. Bf4 Re8 18. Nxe4 dxe4 19. Nb5 Qxd1 20. Rfxd1 Rd8 21. Bxe4 1-0


[Site "https://www.chess.com"]

[Event "Titled Tuesday Blitz May 10 Late 2022"]
[White "Cilek, Bora"]
[Black "Arabidze, Meri"]
[WhiteFideId "34502165"]
[BlackFideId "13604040"]
[WhiteElo "2458"]
[BlackElo "2335"]
[Result "1/2-1/2"]
[Round "08"]
[TimeControl "180+1"]
[Date "2022.05.11"]
[WhiteClock "0:00:07"]
[BlackClock "0:00:06"]

1. Nf3 c5 2. c4 b6 3. g3 Bb7 4. Bg2 g6 5. d4 cxd4 6. Qxd4 Nf6 7. O-O Bg7 8. Nc3 O-O 9. Qh4 h5 10. Rd1 d6 11. Bg5 Nbd7 12. Rac1 Rc8 13. b3 Re8 14. Bh3 a6 15. a4 Rc7 16. Bxd7 Rxd7 17. Nd5 Nxd5 18. cxd5 Rc7 19. Rxc7 Qxc7 20. Rc1 Qd7 21. Rd1 b5 22. Qb4 Rc8 23. Qe4 Bf8 24. Qd3 bxa4 25. bxa4 Qxa4 26. Rb1 Qd7 27. e4 Rc7 28. Bf4 a5 29. e5 dxe5 30. Nxe5 Qxd5 31. Qxd5 Bxd5 32. Nxg6 Rc8 33. Nxf8 Kxf8 34. Rb5 e6 35. Rxa5 Rc2 36. Ra1 Kg7 37. h4 Kg6 38. Be3 Kf5 39. Re1 Kg4 40. Kh2 Kf3 41. Rd1 f5 42. Rd4 Ke2 43. Ra4 Rb2 44. Ra1 Kf3 45. Rd1 Ra2 46. Bd4 Ke2 47. Rc1 Kd2 48. Rb1 Kd3 49. Be3 e5 50. Bc5 f4 51. gxf4 exf4 52. Kg1 Kc4 53. Bd6 f3 54. Rb4+ Kd3 55. Kh2 Rxf2+ 56. Kg3 Rg2+ 57. Kh3 f2 58. Rf4 Ke2 59. Bc5 Bf3 60. Bxf2 Kxf2 61. Rxf3+ Kg1 62. Rf5 Rh2+ 63. Kg3 Rg2+ 64. Kf4 Rf2+ 65. Kg5 Rg2+ 66. Kxh5 Kh2 67. Rf3 Rg8 68. Kh6 Rh8+ 69. Kg5 Rg8+ 70. Kh5 Rh8+ 71. Kg4 Rg8+ 72. Kf4 Rf8+ 73. Ke4 Re8+ 74. Kd4 Rd8+ 75. Ke5 Re8+ 76. Kd6 Kg2 77. Rf6 Rh8 78. Rf4 Kg3 79. Rd4 Rxh4 80. Rxh4 Kxh4 1/2-1/2


[Site "https://www.chess.com"]

[Event "Titled Tuesday Blitz May 10 Late 2022"]
[White "Clarke, Brandon G I"]
[Black "Andreikin, Dmitry"]
[WhiteFideId "400319"]
[BlackFideId "4158814"]
[WhiteElo "2414"]
[BlackElo "2736"]
[Result "0-1"]
[Round "08"]
[TimeControl "180+1"]
[Date "2022.05.10"]
[WhiteClock "0:00:03"]
[BlackClock "0:00:13"]

1. e4 c5 2. Nf3 e6 3. d4 cxd4 4. Nxd4 Nc6 5. Nc3 Qc7 6. Be3 a6 7. Qf3 Nf6 8. O-O-O Rb8 9. Nxc6 bxc6 10. e5 Nd5 11. Nxd5 cxd5 12. Bd4 Qa5 13. a3 Qa4 14. h4 h5 15. Qc3 Bb7 16. Rh3 Bc6 17. Rg3 g6 18. f4 Be7 19. Rh3 O-O 20. g4 hxg4 21. Rg3 Rfc8 22. Qd2 Bb5 23. Bxb5 Rxb5 24. Qd3 Bc5 25. Bxc5 Rbxc5 26. Rd2 Qxf4 27. Kb1 Rc4 28. Rdg2 Qf5 29. Qd1 Rf4 30. Qe2 Rcc4 31. b3 Rce4 32. Qxa6 Re1+ 33. Ka2 Qxe5 34. Qc8+ Kg7 35. Qc3 d4 36. Qd3 Re3 37. Rxe3 dxe3 38. Re2 Re4 39. Qxd7 g3 40. h5 gxh5 41. Qd8 Qf6 42. Qd3 Qe5 43. a4 h4 44. Qd1 h3 45. Qf1 g2 46. Qg1 Qg3 47. a5 Rg4 48. Rxe3 Qxe3 49. Qxe3 g1=Q 50. Qe5+ Kg6 51. a6 h2 0-1


[Site "https://www.chess.com"]

[Event "Titled Tuesday Blitz May 10 Late 2022"]
[White "D`Arruda, Ricardo D."]
[Black "Petrova, Irina"]
[WhiteFideId "100692"]
[BlackFideId "14124122"]
[WhiteElo "2445"]
[BlackElo "1993"]
[Result "0-1"]
[Round "08"]
[TimeControl "180+1"]
[Date "2022.05.11"]
[WhiteClock "0:00:29"]
[BlackClock "0:00:26"]

1. d4 d6 2. e4 Nf6 3. Nc3 e5 4. Nf3 Nbd7 5. Be2 Be7 6. O-O O-O 7. b3 exd4 8. Nxd4 Nc5 9. f3 Ne6 10. Nf5 Re8 11. Nxe7+ Qxe7 12. Bb2 Bd7 13. Nd5 Nxd5 14. Qxd5 Nf4 15. Qd2 Qg5 16. Kf2 Qxg2+ 17. Ke1 Qxh2 18. Bc4 Qg3+ 19. Qf2 Qxf2+ 20. Kxf2 Be6 21. Bb5 c6 22. Bd3 d5 23. Kg3 Nxd3 24. cxd3 dxe4 25. fxe4 Rad8 26. Rad1 h5 27. Kh4 Bg4 28. Rd2 Rxe4 29. Rff2 Re3 30. d4 Rd5 0-1


[Site "https://www.chess.com"]

[Event "Titled Tuesday Blitz May 10 Late 2022"]
[White "Daggupati, Balaji"]
[Black "Sarana, Alexey"]
[WhiteFideId "2090759"]
[BlackFideId "24133795"]
[WhiteElo "2648"]
[BlackElo "2666"]
[Result "0-1"]
[Round "08"]
[TimeControl "180+1"]
[Date "2022.05.10"]
[WhiteClock "0:01:59"]
[BlackClock "0:01:17"]

1. e4 e5 2. Nf3 Nc6 3. Bb5 a6 4. Ba4 Nf6 5. d4 exd4 6. O-O b5 7. Bb3 Nxe4 8. Re1 d5 9. Nc3 Be6 10. Nxe4 dxe4 11. Rxe4 Be7 12. Bxe6 fxe6 13. Rxe6 Qd5 14. Qe2 Kf7 15. Rxc6 Bd6 16. Ng5+ Kf8 17. Qe6 Re8 0-1


[Site "https://www.chess.com"]

[Event "Titled Tuesday Blitz May 10 Late 2022"]
[White "Della Morte, German"]
[Black "Hess, Robert"]
[WhiteFideId "113522"]
[BlackFideId "2022036"]
[WhiteElo "2363"]
[BlackElo "2557"]
[Result "0-1"]
[Round "08"]
[TimeControl "180+1"]
[Date "2022.05.10"]
[WhiteClock "0:00:06"]
[BlackClock "0:00:08"]

1. e4 e6 2. d4 b6 3. Bd3 Bb7 4. Nf3 g6 5. O-O Bg7 6. c3 Ne7 7. Re1 d6 8. Nbd2 Nd7 9. Nf1 h6 10. Ng3 a6 11. a4 e5 12. Be3 Nc6 13. Qd2 Nf6 14. h3 Qe7 15. b4 Nd8 16. a5 b5 17. dxe5 dxe5 18. c4 c6 19. Rac1 Nd7 20. cxb5 axb5 21. Bc2 Ne6 22. Bb3 Rd8 23. Qa2 O-O 24. a6 Ba8 25. Red1 Nf4 26. a7 Qxb4 27. Rxd7 Rxd7 28. Bc5 Rxa7 29. Bxb4 Rxa2 30. Bxa2 Rd8 31. Kf1 Bf6 32. Bb1 Bb7 33. Ne2 Nd3 34. Bxd3 Rxd3 35. Ne1 Rb3 36. Bc5 Ba6 37. f3 b4 38. Kf2 Rb2 39. Rc2 Rb1 40. g3 Bd8 41. Rd2 Ba5 42. Ng2 b3 43. Rd7 Rb2 44. Ra7 Rxe2+ 45. Kg1 b2 46. Ra8+ Kh7 47. Rb8 Bb5 48. Rxb5 cxb5 49. Kh2 b1=Q 0-1


[Site "https://www.chess.com"]

[Event "Titled Tuesday Blitz May 10 Late 2022"]
[White "Derraugh, Geordie"]
[Black "Vajda, Levente"]
[WhiteFideId "2603950"]
[BlackFideId "1203975"]
[WhiteElo "2116"]
[BlackElo "2573"]
[Result "0-1"]
[Round "08"]
[TimeControl "180+1"]
[Date "2022.05.11"]
[WhiteClock "0:00:05"]
[BlackClock "0:00:04"]

1. e4 e5 2. Nf3 Nc6 3. d4 exd4 4. Bc4 Nf6 5. e5 d5 6. Bb5 Ne4 7. Nxd4 Bd7 8. Bxc6 bxc6 9. O-O Bc5 10. f3 Ng5 11. f4 Ne4 12. Be3 Qb8 13. Qc1 Bxd4 14. Bxd4 c5 15. Be3 d4 16. Nd2 Nxd2 17. Bxd2 Bf5 18. c3 O-O 19. cxd4 cxd4 20. b3 Qb6 21. Qc4 c5 22. Rac1 Rac8 23. Rfd1 Be6 24. Qd3 g6 25. Be1 Rfd8 26. Bf2 Bf5 27. Qg3 d3 28. Qe3 Rd5 29. h3 h5 30. g4 hxg4 31. hxg4 Bxg4 32. Rxd3 Rxd3 33. Qxd3 Qa5 34. Qc2 Bf5 35. Qe2 Be6 36. Bh4 Qb4 37. Rf1 Qd4+ 38. Qf2 f5 39. Rc1 Qd5 40. Qg2 Qxg2+ 41. Kxg2 Kf7 42. Bf2 c4 43. bxc4 Bxc4 44. Kg3 Ke6 45. Bxa7 Rc6 46. a3 Kd5 47. Rd1+ Ke6 48. Bd4 Bd5 49. Rb1 Rc4 50. Rb6+ Ke7 51. Bf2 Rc3+ 52. Kh4 Rc2 53. Bd4 Rg2 54. Rd6 Bc4 55. Bc5 Kf7 56. Rf6+ Kg7 57. Bf8+ Kg8 58. Kh3 Bf1 59. Kh4 Rg4# 0-1


[Site "https://www.chess.com"]

[Event "Titled Tuesday Blitz May 10 Late 2022"]
[White "Dilmukhametov, Artur"]
[Black "Nozdrachev, Leonid"]
[WhiteFideId "24179922"]
[BlackFideId "24113433"]
[WhiteElo "2206"]
[BlackElo "2255"]
[Result "1-0"]
[Round "08"]
[TimeControl "180+1"]
[Date "2022.05.11"]
[WhiteClock "0:00:22"]
[BlackClock "0:00:19"]

1. e4 d6 2. d4 Nf6 3. Nc3 Nbd7 4. g3 e5 5. Nge2 c6 6. a4 Be7 7. Bg2 O-O 8. O-O Nb6 9. h3 Re8 10. g4 Nfd7 11. f4 exd4 12. Nxd4 d5 13. e5 c5 14. Nf5 d4 15. Ne4 Nf8 16. a5 Nd5 17. Nfd6 Ne6 18. Nxe8 Qxe8 19. f5 Nec7 20. f6 Bf8 21. fxg7 Bxg7 22. Nf6+ Bxf6 23. exf6 Qe5 24. Qf3 Be6 25. Bd2 Ne3 26. Bxe3 dxe3 27. Rae1 Nd5 28. c4 Nb4 29. Rxe3 Qxb2 30. Rxe6 fxe6 31. f7+ Kf8 32. Qxb7 Rd8 33. Qc7 Qd4+ 34. Kh1 a6 35. Qg3 Rd7 36. Qb8+ Rd8 37. Qb6 Qd6 38. Qb7 Rd7 39. Qf3 Nd3 40. Qf6 Qd4 41. Qh6+ Qg7 42. Qxg7+ Kxg7 43. f8=Q+ Kg6 44. Qf6# 1-0


[Site "https://www.chess.com"]

[Event "Titled Tuesday Blitz May 10 Late 2022"]
[White "Donchenko, Alexander"]
[Black "Nazaretyan, Tigran"]
[WhiteFideId "24603295"]
[BlackFideId "24162345"]
[WhiteElo "2572"]
[BlackElo "2225"]
[Result "1-0"]
[Round "08"]
[TimeControl "180+1"]
[Date "2022.05.10"]
[WhiteClock "0:01:24"]
[BlackClock "0:00:10"]

1. e4 c5 2. Nf3 d6 3. d4 cxd4 4. Nxd4 Nf6 5. Nc3 Nc6 6. Bg5 e6 7. Qd2 a6 8. O-O-O Bd7 9. Kb1 Be7 10. Nxc6 Bxc6 11. f3 b5 12. Qe1 Qc7 13. h4 h6 14. Bf4 h5 15. Qg3 O-O-O 16. Qxg7 Rdg8 17. Qxf7 Qd7 18. Bxd6 Rh7 19. Bxe7 Qxd1+ 20. Nxd1 Rxf7 21. Bb4 Rd7 22. Ne3 Nxe4 23. fxe4 Rg3 24. Bc5 Bxe4 25. Bd3 Bxd3 26. cxd3 Rxd3 27. Re1 Kd7 28. Kc2 Rdxe3 29. Bxe3 Rxg2+ 30. Kc3 a5 31. Bg5 Rg3+ 32. Re3 Rg2 33. a3 Rg4 34. b4 a4 35. Re5 Rg3+ 36. Kb2 Rg2+ 37. Kb1 Rg1+ 38. Bc1 Kd6 39. Rxh5 e5 40. Kc2 Kd5 41. Bb2 Rg2+ 42. Kb1 Rg1+ 43. Ka2 Kc4 44. Rxe5 Rh1 45. Rc5+ Kd3 46. h5 Rh2 47. Rxb5 Kc4 48. Rc5+ Kd3 49. b5 Rxh5 50. Rxh5 1-0


[Site "https://www.chess.com"]

[Event "Titled Tuesday Blitz May 10 Late 2022"]
[White "Wagner, Dinara"]
[Black "Wachinger, Guenther"]
[WhiteFideId "24157570"]
[BlackFideId "4604261"]
[WhiteElo "2216"]
[BlackElo "2212"]
[Result "1-0"]
[Round "08"]
[TimeControl "180+1"]
[Date "2022.05.11"]
[WhiteClock "0:00:15"]
[BlackClock "0:00:01"]

1. d4 d5 2. Nf3 e6 3. c4 c6 4. g3 Nf6 5. Bg2 Be7 6. O-O O-O 7. Qc2 b6 8. Rd1 Bb7 9. b3 Re8 10. Nc3 a5 11. e4 dxc4 12. bxc4 Qc8 13. e5 Nfd7 14. Ne4 Na6 15. Neg5 g6 16. h4 h5 17. Nxe6 Bf8 18. Nxf8 Nxf8 19. Bg5 b5 20. c5 Nb4 21. Qd2 Nd5 22. Bf6 Nxf6 23. exf6 Qe6 24. Qf4 Rad8 25. Ne5 Nh7 26. Re1 Nxf6 27. Nxc6 Qxe1+ 28. Rxe1 Rxe1+ 29. Kh2 Ng4+ 30. Kh3 Bc8 31. Bf3 Nxf2+ 32. Kg2 Rde8 33. Kxf2 Bh3 34. Ne5 f6 35. Qxf6 Rf1+ 36. Ke2 Rxe5+ 37. dxe5 1-0


[Site "https://www.chess.com"]

[Event "Titled Tuesday Blitz May 10 Late 2022"]
[White "Dreev, Aleksey"]
[Black "Bluebaum, Matthias"]
[WhiteFideId "4100107"]
[BlackFideId "24651516"]
[WhiteElo "2625"]
[BlackElo "2556"]
[Result "1-0"]
[Round "08"]
[TimeControl "180+1"]
[Date "2022.05.10"]
[WhiteClock "0:00:10"]
[BlackClock "0:00:02"]

1. d4 Nf6 2. Nf3 d5 3. c4 e6 4. Bg5 Bb4+ 5. Nbd2 h6 6. Bxf6 Qxf6 7. a3 Be7 8. g3 O-O 9. Bg2 Rd8 10. Qc2 Nc6 11. e3 Bd7 12. O-O Rac8 13. Rac1 Be8 14. Rfd1 Bf8 15. Qc3 Ne7 16. b4 c6 17. Ne5 Ng6 18. Nd3 Qe7 19. h4 f5 20. Nf3 Qf6 21. Qb3 Ne7 22. Nfe5 g5 23. hxg5 hxg5 24. Nc5 Rc7 25. cxd5 exd5 26. b5 Ng6 27. f4 gxf4 28. exf4 Rg7 29. bxc6 bxc6 30. Re1 Nxe5 31. Rxe5 Bd6 32. Re3 Rb8 33. Qd3 Bxc5 34. Rxc5 Bd7 35. Rc1 Rb2 36. Rce1 Kh7 37. R1e2 Rxe2 38. Rxe2 Qd6 39. Re5 Qg6 40. Kf2 Qf6 41. Bh3 Rf7 42. Qe3 Kg7 43. Bf1 Qd6 44. Be2 a5 45. Bh5 Rf6 46. Re7+ Kh6 47. Bf7 a4 48. Qe1 1-0


[Site "https://www.chess.com"]

[Event "Titled Tuesday Blitz May 10 Late 2022"]
[White "Dubov, Daniil"]
[Black "Bazeev, German"]
[WhiteFideId "24126055"]
[BlackFideId "24119350"]
[WhiteElo "2791"]
[BlackElo "2493"]
[Result "1-0"]
[Round "08"]
[TimeControl "180+1"]
[Date "2022.05.10"]
[WhiteClock "0:00:05"]
[BlackClock "0:00:02"]

1. e4 c5 2. Nf3 Nf6 3. Nc3 Nc6 4. Bb5 e5 5. d3 d6 6. h3 h6 7. Bc4 Be7 8. a3 Be6 9. Nd5 Qd7 10. O-O O-O 11. Bd2 Bd8 12. b4 Bxd5 13. exd5 Nd4 14. bxc5 Nxf3+ 15. Qxf3 dxc5 16. Qg3 Nxd5 17. Bxh6 Bf6 18. Rae1 b5 19. Bb3 Rfe8 20. Re4 Nf4 21. Bxf4 exf4 22. Qxf4 Rxe4 23. Qxe4 Re8 24. Qf3 a5 25. Rb1 Rb8 26. a4 Qd4 27. axb5 a4 28. Bc4 a3 29. Qc6 Qf4 30. b6 Bd4 31. Rf1 Qf6 32. Qa4 Bb2 33. b7 Qe7 34. Bd5 g6 35. Bf3 Kg7 36. Qa7 Qc7 37. g3 Qd6 38. Kg2 Qc7 39. Re1 Rd8 40. Re4 Qb8 41. Ra4 c4 42. Qxb8 Rxb8 43. dxc4 1-0


[Site "https://www.chess.com"]

[Event "Titled Tuesday Blitz May 10 Late 2022"]
[White "Estrada Nieto, Julian"]
[Black "Leschinsky, Gary"]
[WhiteFideId "5101018"]
[BlackFideId "30951321"]
[WhiteElo "2252"]
[BlackElo "1782"]
[Result "1-0"]
[Round "08"]
[TimeControl "180+1"]
[Date "2022.05.11"]
[WhiteClock "0:00:42"]
[BlackClock "0:01:11"]

1. e4 c5 2. Nf3 e6 3. c3 d5 4. exd5 exd5 5. d4 Nf6 6. Bb5+ Nc6 7. O-O Be7 8. dxc5 O-O 9. Nbd2 Bxc5 10. Nb3 Be7 11. h3 a6 12. Bd3 Bd6 13. Re1 h6 14. Nbd4 Bd7 15. Be3 Rc8 16. Qd2 Ne4 17. Qd1 Bc5 18. Nxc6 Rxc6 19. Bxc5 Rxc5 20. Bxe4 dxe4 21. Rxe4 Bc6 22. Qxd8 Rxd8 23. Rd4 Re8 24. Re1 Rxe1+ 25. Nxe1 Re5 26. Kf1 g5 27. Nd3 Re7 28. Nb4 Be4 29. Nd5 Bxd5 30. Rxd5 Kg7 31. Rd6 h5 32. f3 Re5 33. Rb6 Re7 34. Kf2 f6 35. f4 g4 36. hxg4 hxg4 37. Kg3 f5 38. Kh4 Re2 39. g3 Rc2 40. Kg5 Rg2 41. Rxb7+ Kf8 42. Kxf5 Rxg3 43. Kf6 Ke8 44. f5 1-0


[Site "https://www.chess.com"]

[Event "Titled Tuesday Blitz May 10 Late 2022"]
[White "Gatterer, Florian"]
[Black "Kanyamarala, Trisha"]
[WhiteFideId "811688"]
[BlackFideId "45004722"]
[WhiteElo "2218"]
[BlackElo "2134"]
[Result "1-0"]
[Round "08"]
[TimeControl "180+1"]
[Date "2022.05.11"]
[WhiteClock "0:00:17"]
[BlackClock "0:00:01"]

1. e4 c5 2. Nf3 e6 3. Nc3 Nc6 4. d4 cxd4 5. Nxd4 a6 6. Be3 b5 7. Nxc6 dxc6 8. Qxd8+ Kxd8 9. O-O-O+ Ke8 10. f4 Nf6 11. e5 Nd5 12. Nxd5 cxd5 13. Bd3 Bb7 14. Rhg1 Rc8 15. Kd2 Bc5 16. Bxc5 Rxc5 17. Ke3 Ke7 18. Kd4 Rhc8 19. c3 f6 20. a3 R5c7 21. g4 Rf8 22. Rdf1 Rf7 23. h4 Rc8 24. h5 h6 25. g5 hxg5 26. fxg5 fxg5 27. Rxf7+ Kxf7 28. Rxg5 Bc6 29. Kc5 Bd7+ 30. Kb6 Rc6+ 31. Kb7 Kf8 32. Rg4 Kf7 33. Rf4+ Ke7 34. Bg6 Rc4 35. Rxc4 bxc4 36. Kxa6 Ba4 37. Kb6 Kd7 38. Kc5 Ke7 39. Kb4 Bc6 40. a4 Ba8 41. Kc5 Kd7 42. Kb6 Bc6 43. a5 Ba8 44. a6 Ke7 45. Bc2 Kd7 46. Ba4+ Kc8 47. Bc6 1-0


[Site "https://www.chess.com"]

[Event "Titled Tuesday Blitz May 10 Late 2022"]
[White "Girsh, Daniel"]
[Black "Koziorowicz, Michal"]
[WhiteFideId "30949190"]
[BlackFideId "21809194"]
[WhiteElo "2451"]
[BlackElo "2219"]
[Result "0-1"]
[Round "08"]
[TimeControl "180+1"]
[Date "2022.05.11"]
[WhiteClock "0:00:07"]
[BlackClock "0:01:36"]

1. e4 c5 2. Nf3 d6 3. Bb5+ Bd7 4. Bxd7+ Qxd7 5. c4 e5 6. Nc3 Nc6 7. d3 g6 8. a3 Bg7 9. Rb1 Nge7 10. b4 O-O 11. O-O Nd4 12. Nd5 b6 13. Nxd4 cxd4 14. f4 Nxd5 15. cxd5 f5 16. fxe5 dxe5 17. Qe2 fxe4 18. Qxe4 Rxf1+ 19. Kxf1 Rf8+ 20. Kg1 Qf7 21. h3 Qf1+ 22. Kh2 Rc8 23. Qg4 Qf5 24. Qe4 Rc3 25. Bd2 Rxd3 26. Qxf5 gxf5 27. Bg5 Kf7 28. Rf1 f4 29. Re1 Re3 30. Rc1 Rc3 31. Re1 h6 32. Bh4 d3 33. Rd1 e4 34. Rf1 Be5 35. Kh1 d2 36. Rd1 e3 37. Rb1 Rc1+ 38. Kh2 Rxb1 39. d6 Bxd6 40. g3 f3 41. Be7 Kxe7 42. b5 e2 43. a4 f2 44. a5 Rg1 45. a6 Bxg3# 0-1


[Site "https://www.chess.com"]

[Event "Titled Tuesday Blitz May 10 Late 2022"]
[White "Gomez Dieguez, David"]
[Black "Guz, Ari"]
[WhiteFideId "22223630"]
[BlackFideId "2825759"]
[WhiteElo "2115"]
[BlackElo "1913"]
[Result "0-1"]
[Round "08"]
[TimeControl "180+1"]
[Date "2022.05.11"]
[WhiteClock "0:00:32"]
[BlackClock "0:01:50"]

1. c4 b6 2. Nf3 Bb7 3. Nc3 Nf6 4. d4 e6 5. a3 Be7 6. d5 O-O 7. e4 exd5 8. exd5 d6 9. Bd3 Nbd7 10. O-O Ne5 11. Nd4 Nxd3 12. Qxd3 Re8 13. Nf5 Bf8 14. Be3 Qd7 15. Rfe1 g6 16. Nh6+ Kh8 17. Bg5 Bg7 18. Qf3 Nh5 19. Nxf7+ Kg8 20. Nh6+ Kh8 21. Qf7 Qxf7 22. Nxf7+ Kg8 23. Nh6+ Kf8 24. Ng4 Ba6 25. Nd1 Rxe1# 0-1


[Site "https://www.chess.com"]

[Event "Titled Tuesday Blitz May 10 Late 2022"]
[White "Hardaway, Brewington"]
[Black "Bas Mas, Jose Joaquin"]
[WhiteFideId "30941849"]
[BlackFideId "22219064"]
[WhiteElo "1768"]
[BlackElo "2233"]
[Result "1-0"]
[Round "08"]
[TimeControl "180+1"]
[Date "2022.05.11"]
[WhiteClock "0:00:48"]
[BlackClock "0:01:37"]

1. Nf3 g6 2. e4 Bg7 3. d4 d6 4. Nc3 Nf6 5. Be2 O-O 6. h3 e5 7. Be3 Nc6 8. d5 Ne7 9. Qd2 a5 10. Bh6 Nh5 11. g4 Nf4 12. Bxf4 exf4 13. Qxf4 Bd7 14. h4 f5 15. gxf5 gxf5 16. Ng5 fxe4 17. Qxe4 Bf5 18. Qc4 h6 19. Ne6 Bxe6 20. dxe6 d5 21. Qg4 Rf6 22. h5 Rf5 23. O-O-O Rg5 24. Qh3 c6 25. f4 Rf5 26. Rhg1 Qd6 27. Rdf1 Rxf4 28. Rxg7+ Kxg7 29. Qg3+ Kh8 30. Rxf4 Rg8 31. Qf2 Qe5 32. Qd4 Rg1+ 33. Kd2 Qxd4+ 34. Rxd4 c5 35. Rg4 1-0


[Site "https://www.chess.com"]

[Event "Titled Tuesday Blitz May 10 Late 2022"]
[White "Hnydiuk, Aleksander"]
[Black "Shimanov, Aleksandr"]
[WhiteFideId "1109057"]
[BlackFideId "4198603"]
[WhiteElo "2374"]
[BlackElo "2605"]
[Result "0-1"]
[Round "08"]
[TimeControl "180+1"]
[Date "2022.05.10"]
[WhiteClock "0:00:48"]
[BlackClock "0:01:10"]

1. g3 d5 2. Nf3 b6 3. Bg2 Bb7 4. O-O e6 5. c4 dxc4 6. Na3 Nd7 7. Nxc4 Ngf6 8. b3 Be7 9. Bb2 O-O 10. Qc2 c5 11. Rac1 Rc8 12. Qb1 b5 13. Ne3 Qb6 14. Rfd1 Qa6 15. d3 Rfd8 16. Qa1 h6 17. h3 Bf8 18. Rc2 Nd5 19. Nxd5 exd5 20. Rdc1 Re8 21. e3 b4 22. d4 c4 23. Bf1 Qb6 24. Qb1 c3 25. Ba1 a5 26. a3 Bd6 27. Ne1 Nf6 28. Nd3 Ne4 0-1


[Site "https://www.chess.com"]

[Event "Titled Tuesday Blitz May 10 Late 2022"]
[White "Hoffmann, Asa"]
[Black "Bongo Akanga Ndjila, Barthelemy"]
[WhiteFideId "2001470"]
[BlackFideId "10609431"]
[WhiteElo "2117"]
[BlackElo "1768"]
[Result "1-0"]
[Round "08"]
[TimeControl "180+1"]
[Date "2022.05.11"]
[WhiteClock "0:00:47"]
[BlackClock "0:00:01"]

1. d4 Nf6 2. Bg5 e6 3. Nd2 d5 4. e3 h6 5. Bh4 Be7 6. f4 O-O 7. Bd3 b6 8. Ngf3 Bb7 9. O-O Nbd7 10. Ne5 c5 11. c3 Rc8 12. Qf3 a6 13. a4 Re8 14. f5 Nf8 15. Rae1 Qd6 16. Bg3 Qd8 17. Re2 c4 18. Bc2 b5 19. axb5 axb5 20. e4 dxe4 21. Nxe4 b4 22. fxe6 Nxe6 23. Qf5 Rf8 24. Nxf7 Nxd4 25. Nxh6+ Kh8 26. cxd4 Qxd4+ 27. Bf2 Bxe4 28. Bxd4 Bxf5 29. Nxf5 Bc5 30. Bxc5 Rxc5 31. Re7 Nh5 32. Ng3 Nf4 33. Re4 Ng6 34. Rxf8+ Nxf8 35. Re8 Kg8 36. Ne4 Rf5 37. g4 Rf4 38. h3 b3 39. Bd1 Kf7 40. Re5 Nd7 41. Rd5 Ke7 42. Nf2 1-0


[Site "https://www.chess.com"]

[Event "Titled Tuesday Blitz May 10 Late 2022"]
[White "Holt, Conrad"]
[Black "Stremavicius, Titas"]
[WhiteFideId "2034387"]
[BlackFideId "12804444"]
[WhiteElo "2586"]
[BlackElo "2404"]
[Result "1-0"]
[Round "08"]
[TimeControl "180+1"]
[Date "2022.05.10"]
[WhiteClock "0:00:14"]
[BlackClock "0:00:02"]

1. d4 f5 2. g3 Nf6 3. Bg2 e6 4. Nh3 d5 5. O-O Bd6 6. Bf4 Be7 7. c4 O-O 8. Qb3 c6 9. Nd2 h6 10. Bxb8 Rxb8 11. Nf4 Kh7 12. Rfd1 Qb6 13. e3 Bd7 14. Qc2 Rbe8 15. Rab1 Ne4 16. b4 Nxd2 17. Rxd2 Bc8 18. b5 Qa5 19. Rdd1 Bd6 20. Nd3 Kh8 21. a4 Bd7 22. c5 Bb8 23. Qb3 g5 24. bxc6 Bxc6 25. Ra1 f4 26. exf4 gxf4 27. Qc2 Qd8 28. Re1 Qf6 29. Ne5 Rg8 30. Ra3 Bxe5 31. Rxe5 fxg3 32. hxg3 Ref8 33. Rf3 Qg7 34. Rxf8 Rxf8 35. Rxe6 Rf6 36. Re5 Qd7 37. a5 Kg7 38. Qe2 Kf8 39. Qh5 Qc7 40. Bxd5 Bxd5 41. Qe8+ Kg7 42. Re7+ Qxe7 43. Qxe7+ Kg6 44. Qd8 Bf3 45. Qg8+ Kf5 46. Qh7+ Kg5 47. Qg8+ Kf5 48. d5 Ke5 49. d6 Bc6 50. Qg7 Ke6 51. Qe7+ Kf5 52. d7 Re6 53. d8=Q 1-0


[Site "https://www.chess.com"]

[Event "Titled Tuesday Blitz May 10 Late 2022"]
[White "Ibarra Jerez, Jose Carlos"]
[Black "Xiong, Jeffery"]
[WhiteFideId "2226332"]
[BlackFideId "2047640"]
[WhiteElo "2626"]
[BlackElo "2727"]
[Result "0-1"]
[Round "08"]
[TimeControl "180+1"]
[Date "2022.05.10"]
[WhiteClock "0:00:04"]
[BlackClock "0:00:53"]

1. e4 c5 2. Nc3 Nc6 3. Nf3 g6 4. d4 cxd4 5. Nxd4 Bg7 6. Be3 Nf6 7. Bc4 O-O 8. Bb3 d6 9. f3 Na5 10. Qd2 a6 11. Bh6 e5 12. Nde2 Nxb3 13. axb3 Nxe4 14. Nxe4 Qh4+ 15. g3 Qxh6 16. Qxh6 Bxh6 17. Nxd6 Be6 18. Nxb7 Bd5 19. Nc5 Rfc8 20. b4 a5 21. Kf2 axb4 22. Nd7 Rxa1 23. Rxa1 Be6 24. Nxe5 Rxc2 25. Nd3 Bc4 26. Rd1 b3 27. f4 Bg7 28. Ke3 Bxb2 29. Nxb2 Rxb2 30. Rd8+ Kg7 31. Nd4 Rxh2 32. Rb8 b2 33. Nf3 Re2+ 34. Kd4 Ba2 35. Ng1 Rg2 0-1


[Site "https://www.chess.com"]

[Event "Titled Tuesday Blitz May 10 Late 2022"]
[White "Janaszak, Dawid"]
[Black "Vega Gutierrez, Sabrina"]
[WhiteFideId "1119206"]
[BlackFideId "2219026"]
[WhiteElo "2199"]
[BlackElo "2286"]
[Result "1-0"]
[Round "08"]
[TimeControl "180+1"]
[Date "2022.05.11"]
[WhiteClock "0:00:14"]
[BlackClock "0:00:01"]

1. e4 c5 2. Nc3 Nc6 3. Bb5 Nd4 4. Nf3 a6 5. Bd3 Nc6 6. O-O e6 7. Nd5 d6 8. Ne3 Nf6 9. b3 Be7 10. Bb2 O-O 11. e5 dxe5 12. Nxe5 Nxe5 13. Bxe5 Bd7 14. Qf3 Bc6 15. Qh3 h6 16. Rad1 Nd7 17. Bc3 Bf6 18. Ng4 Bxc3 19. dxc3 f5 20. Ne3 Qf6 21. c4 Ne5 22. Be2 Rad8 23. f4 Ng6 24. Qg3 Rd4 25. Bh5 Ne7 26. Bf3 Rfd8 27. Qf2 Kh7 28. g3 Rxd1 29. Rxd1 Rxd1+ 30. Bxd1 Qc3 31. Qe2 e5 32. fxe5 Qxe5 33. Qd3 Be4 34. Qd2 f4 35. Ng4 Qe6 36. Qxf4 Bf5 37. Ne3 Be4 38. Bg4 1-0


[Site "https://www.chess.com"]